 Dungeon Crawl Stone Soup version 0.26-a0-812-g31a745ddcd (webtiles) character file.

Game seed: 9871376319993711098

156 mhoghedin the Magician (level 5, 0/35 HPs)
             Began as a Mummy Conjurer on Nov 21, 2020.
             Was a Follower of Vehumet.
             Hit by a boomerang thrown by an orc (6 damage)
             ... on level 3 of the Dungeon.
             The game lasted 00:07:55 (2578 turns).

mhoghedin the Magician (Mummy Conjurer)             Turns: 2578, Time: 00:07:55

Health: 0/35       AC:  2    Str: 10    XL:     5   Next: 15%
Magic:  4/12       EV: 11    Int: 19    God:    Vehumet [*.....]
Gold:   88         SH:  5    Dex: 10    Spells: 5/13 levels left

rFire    . . .     SeeInvis .   f - +2 spear (flame)
rCold    . . .     Faith    .   g - +2 buckler
rNeg     + + +     Spirit   .   a - +0 robe
rPois    ∞         Reflect  .   (no helmet)
rElec    .         Harm     .   (no cloak)
rCorr    .         Rampage  .   (no gloves)
MR       .....                  (no boots)
Stlth    ++........             (no amulet)
HPRegen  0.11/turn              e - ring of fire {rF+, rC-}
MPRegen  0.13/turn              (no ring)

@: no status effects
A: no potions, fire vulnerability, cold resistance 1, negative energy resistance
3, torment resistance, unbreathing
a: Renounce Religion


You were on level 3 of the Dungeon.
You worshipped Vehumet.
Vehumet was aware of your devotion.
You visited 1 branch of the dungeon, and saw 3 of its levels.

You collected 88 gold pieces.

Inventory:

Hand Weapons
 c - a +0 short sword
   (You took it off a kobold on level 1 of the Dungeon)
 f - a +2 spear of flaming (weapon)
   (You found it on level 2 of the Dungeon)
Missiles
 h - a throwing net {=f, !d}
Armour
 a - a +0 robe (worn)
 g - a +2 buckler (worn)
   (You found it on level 1 of the Dungeon)
Jewellery
 e - a ring of fire (left hand) {rF+, rC-}
   (You found it on level 2 of the Dungeon)
Scrolls
 b - 2 scrolls of enchant weapon
 d - a scroll of magic mapping {unknown}
 i - a scroll of identify


   Skills:
 - Level 1.5 Dodging
 - Level 1.5 Stealth
 + Level 4.7 Spellcasting
 + Level 4.3 Conjurations
 + Level 1.4 Hexes


You had 5 spell levels left.
You knew the following spells:

 Your Spells              Type           Power        Failure   Level
a - Magic Dart            Conj           ###.         3%          1
b - Searing Ray           Conj           ###...       5%          2
c - Dazzling Flash        Conj/Hex       ###...       21%         3
d - Blink                 Tloc           N/A          32%         2

Your spell library contained the following spells:

 Spells                   Type           Power        Failure   Level
 Freeze                   Ice            #...         22%         1
 Slow                     Hex            ##......     19%         2
 Conjure Flame            Conj/Fire      ###.....     26%         3
 Call Imp                 Summ           #.......     32%         2
 Mephitic Cloud           Conj/Pois/Air  #.......     34%         3
 Fulminant Prism          Conj/Hex       ###.......   54%         4
 Iskenderun's Mystic Bla  Conj/Tloc      ##......     65%         4


Dungeon Overview and Level Annotations

Branches:
Dungeon (3/15)

Altars:
Cheibriados
Elyvilon
Vehumet

Annotations:
D:1 exclusion: door


Innate Abilities, Weirdness & Mutations

You do not drink.
Your flesh is vulnerable to fire.
You are immune to poison.
Your flesh is cold resistant. (rC+)
You are immune to negative energy. (rN+++)
You are immune to unholy pain and torment.
You can survive without breathing.


Message History

A bat is nearby!
You reach to attack!
The helpless bat fails to defend itself.
You hit the bat. You burn the bat.
You kill the bat!
Vehumet accepts your kill.
You see here a bat corpse.
You see here a short sword.
Found a snail-covered altar of Cheibriados.
You now have 88 gold pieces (gained 7).
You see here a robe.
Found a stone staircase leading up and a stone staircase leading down.
There is a stone staircase leading down here.
There is a stone staircase leading up here.
Done exploring.
Done exploring.
(D) Dungeon
Where to? (Enter - D:2, ? - help)
There is a stone staircase leading down here.
You climb downwards.
There is a stone staircase leading up here.
Found a stone staircase leading down.
A rat comes into view.
Found 9 gold pieces.
Found a stone staircase leading down.
An orc comes into view. It is wielding a +0 flail.
The orc shouts!
You hear a shout!
An orc priest comes into view. It is wielding a +2 trident of venom.
The orc priest shouts!
You reach to attack!
You hit the rat. You burn the rat.
You kill the rat!
Vehumet accepts your kill.
An orc comes into view. It is wielding a +0 short sword.
You reach to attack!
You hit the orc. You burn the orc. You barely miss the orc.
The orc priest barely misses you. The orc hits you with a +0 flail.
You take 2 damage, and have 28/30 hp.
You hit the orc. You burn the orc.
You kill the orc!
Vehumet accepts your kill. The orc priest closely misses you.
You hit the orc. You burn the orc. The orc misses you.
The orc priest closely misses you. The orc hits you but does no damage.
You hit the orc. You burn the orc.
You kill the orc!
Vehumet accepts your kill. The orc priest misses you.
You reach to attack!
You closely miss the orc priest.
An orc comes into view. It is wielding a +0 hand axe.
The orc priest hits you but does no damage.
The spell is quite dangerous to cast (22% risk of failure)!
Continue anyway?
You miscast Dazzling Flash.
You are very lightly contaminated with residual magic.
Nothing appears to happen.
The orc throws a boomerang.
The boomerang hits you.
The orc priest hits you from afar with a +2 trident of venom.
You take 5 damage, and have 23/30 hp.
You now have 7/10 mp.
Unknown command.
Okay, then.
Unknown command.
Aim: an orc priest, wielding a +2 trident of venom The searing ray hits the orc priest. (Press . to maintain the ray.)
The orc throws a boomerang.
The boomerang hits you.
The weapon returns to the orc!
You block the orc priest's attack.
You take 3 damage, and have 20/30 hp.
You now have 5/10 mp.
The searing ray hits the orc priest!
The orc priest mumbles some strange prayers to Beogh against you.
Beogh smites you!
* * * LOW HITPOINT WARNING * * *
An orc comes into view. It is wielding a +0 club.
The orc throws a boomerang.
You block the boomerang.
The weapon returns to the orc!
You take 12 damage, and have 8/30 hp.
MASSIVE DAMAGE!!
You now have 4/10 mp.
The searing ray hits the orc priest.
You kill the orc priest!
Vehumet accepts your kill.
You have reached level 5!
You feel clever.
The orc throws a boomerang.
The boomerang completely misses you.
The weapon returns to the orc!
You now have 3/12 mp.
The orc throws a boomerang.
The boomerang barely misses you.
The weapon returns to the orc!
The orc throws a boomerang.
The boomerang misses you.
The weapon returns to the orc!
The orc throws a boomerang.
You block the boomerang.
The weapon returns to the orc!
The orc throws a boomerang.
The boomerang hits you.
* * * LOW HITPOINT WARNING * * *
The weapon returns to the orc!
The orc throws a boomerang.
The boomerang hits you but does no damage.
The weapon returns to the orc!
You take 4 damage, and have 6/35 hp.
Your magical contamination has completely faded away.
The orc throws a boomerang.
You block the boomerang.
The weapon returns to the orc!
The orc throws a boomerang.
The boomerang hits you.
You die...

.. #..# #$ .... #.#.####### #..#
#.#.......# #..#
##.#.......#####..# #
#>............##..#
#.#..........##.##..###########.
##.......................<.......
................@...############.
..............##.#.##
#...............#.[#
#......>.o######.#.# ##....)†.##
#.#.# ##....o## # #.# ##..... #.#
###### #.


You could see an orc.

Vanquished Creatures
  An orc priest (D:3)
  3 gnolls (D:2)
  An adder (D:2)
  2 worms (D:2)
  4 dart slugs (D:2)
  A leopard gecko (D:1)
  2 orcs (D:3)
  7 bats
  4 giant cockroaches
  10 goblins
  7 hobgoblins
  10 jackals
  A quokka (D:2)
  7 frilled lizards
  7 kobolds
  4 rats
71 creatures vanquished.

Notes
Turn   | Place    | Note
-------+----------+-------------------------------------------
     0 | D:1      | mhoghedin the Mummy Conjurer began the quest for the Orb.
     0 | D:1      | Reached XP level 1. HP: 13/13 MP: 4/4
   132 | D:1      | Reached skill level 3 in Spellcasting
   229 | D:1      | Reached XP level 2. HP: 19/19 MP: 3/6
   681 | D:1      | Learned a level 2 spell: Searing Ray
   959 | D:1      | Reached XP level 3. HP: 20/24 MP: 5/8
  1180 | D:1      | Learned a level 3 spell: Dazzling Flash
  1335 | D:2      | Reached skill level 4 in Spellcasting
  1505 | D:2      | Found a radiant altar of Vehumet.
  1528 | D:2      | Became a worshipper of Vehumet
  1642 | D:2      | Reached skill level 4 in Conjurations
  1645 | D:2      | Reached XP level 4. HP: 30/30 MP: 5/10
  1717 | D:2      | Found a white marble altar of Elyvilon.
  1835 | D:2      | Reached * piety under Vehumet
  1835 | D:2      | Offered knowledge of Freeze by Vehumet.
  1835 | D:2      | Reached skill level 1 in Hexes
  1959 | D:2      | HP: 7/30 [worm (3)]
  2254 | D:2      | Learned a level 2 spell: Blink
  2456 | D:2      | Found a snail-covered altar of Cheibriados.
  2569 | D:3      | Reached XP level 5. HP: 9/35 MP: 4/12
  2573 | D:3      | HP: 6/35 [orc/boomerang (4)]
  2578 | D:3      | Hit by a boomerang thrown by an orc

Illustrated notes

Levels and vault maps discovered:
D:1:      shiori_arrival_maze, layout_loops_ring, chequers_serial_rivers_micro_e
D:2:      layout_loops_ring, overflow_temple_1_default, lemuel_round_altar,
          lemuel_round_altar, minmay_circle_x
D:3:      layout_loops_ring, kennysheep_okawaru_gauntlet, lemuel_round_altar

Skill      XL: |  1  2  3  4 |
---------------+-------------+-----
Spellcasting   | 3 4 |  4.7
Conjurations   | 4 |  4.3
Hexes          | 1 |  1.4
Dodging        | |  1.5
Stealth        | |  1.5

Action                   |  1- 3 |  4- 6 || total
-------------------------+-------+-------++-------
Melee: Short sword       |    29 |     1 ||    30
       Spear             |       |    29 ||    29
 Cast: Magic Dart        |    68 |       ||    68
       Searing Ray       |     5 |     8 ||    13
       Dazzling Flash    |       |     1 ||     1
  Use: Scroll            |     4 |     2 ||     6
 Stab: Invisible         |       |     1 ||     1
       Sleeping          |       |     1 ||     1
Armor: Robe              |    11 |     6 ||    17
Dodge: Dodged            |    24 |    21 ||    45
Block: Buckler           |     7 |     7 ||    14

Table legend: (Time is in decaauts)
 A = Elapsed time spent in this place.
 B = Non-inter-level travel time spent in this place.
 C = Inter-level travel time spent in this place.
 D = Time resting spent in this place.
 E = Time spent auto-exploring this place.
 F = Levels seen in this place.
 G = Mean time per level.
                   A        B        C        D        E       F      G
               +--------+--------+--------+--------+--------+-----+--------+
         Total |   2584 |   2544 |     40 |    833 |   1258 |   3 |  861.3 |
       Dungeon |   2584 |   2544 |     40 |    833 |   1258 |   3 |  861.3 |
               +--------+--------+--------+--------+--------+-----+--------+

Top non-repeatable levels by time:
     D:1: 1384 daAuts
     D:2: 1161 daAuts
     D:3: 39 daAuts

Table legend:
 A = Kills in this place as a percentage of kills in entire the game.
 B = Kills by you in this place as a percentage of kills by you in the entire game.
 C = Kills by friends in this place as a percentage of kills by friends in the entire game.
 D = Other kills in this place as a percentage of other kills in the entire game.
 E = Experience gained in this place as a percentage of experience gained in the entire game.
 F = Experience gained in this place divided by the number of levels of this place that you have seen.
                   A       B       C       D       E      F
               +-------+-------+-------+-------+-------+----------------------
         Total | 100.0 | 100.0 |   N/A |   N/A | 100.0 |  74.7
       Dungeon | 100.0 | 100.0 |   N/A |   N/A | 100.0 |  74.7
               +-------+-------+-------+-------+-------+----------------------
